 Dungeon Crawl Stone Soup version 0.21.1-1-g345015f (webtiles) character file.

89 Mesmaeker13 the Skirmisher (level 4, 0/29 HPs)
             Began as a Gargoyle Monk on June 9, 2018.
             Slain by an orc wizard
             ... wielding a +0 dagger
              (2 damage)
             ... on level 3 of the Dungeon.
             The game lasted 00:03:00 (2460 turns).

Mesmaeker13 the Skirmisher (Gargoyle Monk)          Turns: 2460, Time: 00:03:01

Health: 0/29       AC:  6    Str: 15    XL:     4   Next: 55%
Magic:  4/4        EV: 12    Int: 11    God:
Gold:   66         SH:  0    Dex: 12    Spells: 3/3 levels left

rFire    . . .     SeeInvis .   p - +0 war axe
rCold    . . .     Gourm    .   (no shield)
rNeg     + . .     Faith    .   j - +0 leather armour
rPois    ∞         Spirit   .   (no helmet)
rElec    +         Reflect  .   (no cloak)
rCorr    .         Harm     .   (no gloves)
MR       +....                  (no boots)
Stlth    ++........             (no amulet)
HPRegen  0.09/turn              d - ring of protection from magic (curse)
MPRegen  0.09/turn              (no ring)

@: no status effects
A: negative energy resistance 1, electricity resistance, unbreathing,
petrification resistance, rot immunity, AC +3
a: no special abilities


You were on level 3 of the Dungeon.
You were not hungry.

You visited 1 branch of the dungeon, and saw 4 of its levels.

You collected 66 gold pieces.

Inventory:

Hand Weapons
 a - a +0 mace
 p - a +0 war axe (weapon)
Missiles
 f - 3 javelins (quivered)
 n - 2 tomahawks
Armour
 j - a +0 leather armour (worn)
Jewellery
 d - a cursed ring of protection from magic (left hand)
Scrolls
 e - 2 scrolls of amnesia
 r - a scroll of identify
Potions
 b - 2 potions of heal wounds {unknown}
 g - 2 potions of might
 h - a potion of flight {unknown}
 i - 2 potions of curing {unknown}
 k - a potion of invisibility {unknown}
 l - 2 potions of agility
 o - a potion of brilliance {unknown}
 s - 2 potions of magic {unknown}
Books
 m - a book of Minor Magic

   Spells                             Type                      Level
   a - Magic Dart                     Conjuration                  1
   b - Blink                          Translocation                2
   c - Call Imp                       Summoning                    2
   d - Slow                           Hexes                        2
   e - Conjure Flame                  Conjuration/Fire             3
   f - Mephitic Cloud                 Conjuration/Poison/Air       3
Comestibles
 c - 3 rations


   Skills:
 + Level 4.2 Fighting
 + Level 1.0(2.2) Axes
 - Level 3.5(3.6) Maces & Flails
 + Level 1.1 Armour
 - Level 3.0 Dodging
 - Level 2.1 Stealth


You had 3 spell levels left.
You didn't know any spells.

Dungeon Overview and Level Annotations

Branches:
Dungeon (4/15)
 Temple: D:4-7

Altars:
Fedhas
Gozag
Okawaru

Annotations:
D:3 Mesmaeker13's ghost, novice GrMo


Innate Abilities, Weirdness & Mutations

You are resistant to torment.
Your stone body is resilient. (AC +3)
You are immune to poison.
You resist negative energy. (rN+)
You are resistant to electric shocks. (rElec)
You can survive without breathing.
You are immune to petrification.
You are immune to rotting.


Message History

The orc wizard is severely wounded.
The orc wizard barely misses you. x2
You hit the orc wizard but do no damage.
The orc wizard is severely wounded.
The phantom blinks!
The orc wizard hits you but does no damage.
You hit the orc wizard.
The orc wizard is almost dead.
The orc wizard gestures at you while chanting.
The puff of flame hits you!
* * * LOW HITPOINT WARNING * * *
You closely miss the orc wizard.
The orc wizard is almost dead.
The orc wizard hits you but does no damage.
The orc wizard casts a spell at you. The magic dart hits you!
You miss the orc wizard.
The orc wizard is almost dead.
The orc wizard hits you with a dagger.
You die...

.##.#....##.#.##..####.#.#.#
........W.........#.##.#.#.#
.##.#....##.#.##.........#.#
.##.#....##.#.##..#..###.#.#
.##.#........W...........#.#
.##.#...###.#.##§.#..#####
.##.#...###.#.##W§#..#
....#.........Wo§§§..#
....##..###.#.##@§#..#
....##..###.#.§§§§§.....
............#(##§§#..#.#
....###..##.#.##........
..#.###..##.#........#.#
.........##.#.##..#.# #
.......... .#. ...#.#
........... .....#
............


You could see a phantom, an orc wizard and Mesmaeker13's ghost.

Vanquished Creatures
  2 adders (D:3)
  A shadow imp (D:2)
  An ooze (D:2)
  2 worms (D:2)
  A dart slug (D:2)
  2 orcs
  2 ball pythons (D:3)
  5 giant cockroaches
  2 goblins
  3 hobgoblins
  8 kobolds
  11 bats
  3 frilled lizards (D:2)
  4 rats
47 creatures vanquished.

Notes
Turn   | Place    | Note
-------+----------+-------------------------------------------
     0 | D:1      | Mesmaeker13 the Gargoyle Monk began the quest for the Orb.
     0 | D:1      | Reached XP level 1. HP: 14/14 MP: 1/1
   165 | D:1      | Reached XP level 2. HP: 14/19 MP: 2/2
   934 | D:2      | Reached XP level 3. HP: 19/24 MP: 3/3
  1414 | D:2      | Reached skill level 4 in Fighting
  1581 | D:2      | HP: 1/24 [shadow imp (4)]
  1582 | D:2      | Reached XP level 4. HP: 2/29 MP: 4/4
  2174 | D:3      | Reached skill level 1 in Armour
  2406 | D:3      | Found an opulent altar of Gozag.
  2406 | D:3      | Found an iron altar of Okawaru.
  2406 | D:3      | Found a blossoming altar of Fedhas.
  2406 | D:3      | Noticed Mesmaeker13's ghost (novice GrMo)
  2434 | D:4      | Noticed a phantom
  2454 | D:3      | Reached skill level 1 in Axes
  2460 | D:3      | Slain by an orc wizard

Skill      XL: |  1  2  3  4 |
---------------+-------------+-----
Fighting       | 4 |  4.2
Dodging        | 3 |  3.0
Armour         | 1 |  1.1
Axes           | 1 |  1.0
Maces & Flails | |  3.5
Stealth        | |  2.1

Action                   |  1- 3 |  4- 6 || total
-------------------------+-------+-------++-------
Melee: Mace              |    89 |       ||    89
       War axe           |    41 |    56 ||    97
  Use: Scroll            |     3 |     1 ||     4
 Stab: Sleeping          |     1 |       ||     1
  Eat: Chunk             |     2 |     3 ||     5
Armor: Robe              |     5 |       ||     5
       Leather armour    |    46 |    26 ||    72
Dodge: Dodged            |   113 |    42 ||   155
